Nobbs, neutral male human Tourist ----- |<..(.- .... .-)-... ---- --- |...[......... ..| |%....|#` |.. . --..|....|..- |.. |..([.) ..---+--.- --.|-.....-.--# ... ` ......|#* ..|...|-.| --..........%--- --..-## -..(*..## ... ...|....-+-..--- .--.|..)....----..(.- ###..[# ...+..................--+- ----...|....).....---- |[. ..........................| #|..|.......*.......-)%- ........- --------|--..-- --[......-.....)...%......-# ......@... |)....=...|..-- #.........[...|............--|............... |(.)!....[|...| -.--....--.........-..........|.(.....W.....` -----------...| --- ..- ...-- .|..........-....@.@M.......|.....------ ......[.- ....... .-- ....--..... ......@d.......-.....|..((| |.------ ....... ...|-..--(. ..........-.....|-...-....| ..|...+ ...{... ....%...(.. ...`... |- |...-|(..(|*|.|...| ....... -.-------- ....... ...(|------ |.--|-| ....... ..| ......- ....|----.---.....| ..--. ..-. -....-- ...-..(....|...{..+ .(( -.....----........| ---- ------ ---------- Nobbs the Excursionist Experience level: 6 Strength: 15 Dexterity: 12 Constitution: 18 Intelligence: 12 Wisdom: 7 Charisma: 17 Health: 0(51) Energy: 19(19) Def: 11 Gold: 872 Moves: 5753 Dungeon seed: zsEWyhzNMZ3sL9qf Game ID: Nobbs_1510323625 Your Inventory: Coins $ - 872 gold pieces Wands c - a cursed wand of lightning (0:2) p - a wand of cancellation (0:7) y - a wand of magic missile (0:6) B - a wand of make invisible (0:7) L - a wand of magic missile (0:2) R - a cursed wand of cancellation (0:5) S - a cursed wand of digging (0:3) Weapons a - 4 +2 darts k - 12 +0 darts l - a blessed +0 orcish dagger (weapon in hand) K - 14 +0 daggers (in quiver) O - a +0 elven dagger Armor n - an uncursed +0 Hawaiian shirt (being worn) q - an uncursed +0 orcish helm (being worn) F - a blessed +3 small shield (being worn) N - an uncursed +0 dwarvish cloak (being worn) Y - an uncursed +1 elven mithril-coat (being worn) Comestibles d - 2 uncursed lembas wafers m - an uncursed sprig of wolfsbane o - 3 uncursed lichen corpses M - an uncursed slime mold Scrolls f - 4 uncursed scrolls of magic mapping x - an uncursed scroll of earth D - an uncursed scroll of identify J - an uncursed scroll of scare monster Q - 2 cursed scrolls of blank paper T - a cursed scroll of earth X - an uncursed scroll of create monster Potions e - 2 uncursed potions of extra healing r - an uncursed potion of levitation t - an uncursed potion of hallucination u - 2 uncursed potions of sickness v - a cursed potion of invisibility w - a cursed potion of levitation z - a blessed potion of healing E - 2 potions of unholy water U - a cursed potion of booze Z - a cursed potion of healing Rings j - an uncursed ring of poison resistance A - an uncursed ring of stealth Tools g - an expensive camera (0:84) h - an uncursed credit card i - an uncursed towel C - 3 uncursed partly used wax candles (0:167) V - a cursed magic whistle Spells and supernatural/magical abilities: Name Level Category Fail Memory w - wizard lock 2 matter 100% 87% W - pray for help -- divine ? -- Your skills at the end: Fighting Skills Weapon Skills dagger [Skilled] dart [Skilled] Spellcasting Skills Final Attributes: You were piously aligned. You are dead. Vanquished creatures: a leather golem a giant beetle 3 wolves a leprechaun a gnome king a dwarf mummy a jaguar a dwarf lord a dust vortex 2 apes a human zombie 2 imps a water nymph a mountain nymph a rock piercer a yellow light 2 shriekers 2 gnome lords 2 gnomish wizards a red naga hatchling a gray ooze a straw golem 2 little dogs 2 floating eyes 9 dwarves a kobold lord 2 kobold shamans 4 hill orcs 6 rothes a rabid rat a giant bat 2 wererats a werejackal 2 iguanas an acid blob 4 hobbits 7 manes a large kobold 3 giant rats a yellow mold 2 red molds 19 gnomes 13 garter snakes 2 gnome zombies 2 geckos 7 jackals 2 foxes a kobold 2 goblins a sewer rat 5 grid bugs a bat 7 lichens a kobold zombie 7 newts 151 creatures vanquished. Voluntary challenges: You used a wielded weapon 216 times, starting on turn 3123. You read items or engraved 98 times, starting on turn 576. You never genocided any monsters. You never polymorphed an object. You never changed form. You used no wishes. You never split a pudding. You wrote Elbereth's name 86 times, starting on turn 576. You violated your moral code, losing 11 points of alignment, starting on turn 3307. Dungeon overview: The Dungeons of Doom: levels 1 to 3 Level 1 a fountain a long staircase Level 2 a fountain stairs to The Gnomish Mines Level 3 an altar to Blind Io, a fountain The Gnomish Mines: levels 3 to 6 Level 3 stairs to The Dungeons of Doom Level 4 Level 5 Level 6 <- You were here some shops, a temple to The Lady, some fountains History has recorded: On T:1 you entered the Dungeons of Doom to retrieve the Amulet of Yendor! On T:306 you reached level 2 of The Dungeons of Doom. On T:430 you reached level 1 of The Gnomish Mines. On T:684 you advanced to experience level 2. On T:871 you reached level 3 of The Dungeons of Doom. On T:1006 you advanced to experience level 3. On T:1434 you advanced to experience level 4. On T:1522 you reached level 2 of The Gnomish Mines. On T:1634 you advanced to experience level 5. On T:1865 you reached level 3 of The Gnomish Mines. On T:1952 you advanced to experience level 6. On T:2056 you reached level 4 of The Gnomish Mines. Score breakdown: Gold: 733 ( 9748 points) Experience: 6 levels (12456 points) Exploration: 6 levels ( 12.24%) ( 9682 points) Discoveries: 7 items ( 2.35%) ( 4597 points) Valuables value: (no points given unless you survive) Artifact value: 0 ( 0 points) Variety of kills: 55 monsters ( 14.44%) (11398 points) Turncount: 5753 turns (-1561 points) Survival: died (score multiplied by 80%) Total score: 37056 Latest messages: You displace Fuffy. The winter wolf bites! You hear some noises. You hear some noises in the distance. You write in the dust with your fingers. The winter wolf misses. The wolf turns to flee! The winter wolf misses. The wolf turns to flee! The winter wolf bites! (3x) The dwarf mummy hits! Something is written here in the dust. You read: "| b ???n c | e t?El?e ?? F?bc eth l e??tn+l c et?El|e?c ??||?r?thEl?er?tn". The dwarf mummy hits! (2x) You hear some noises in the distance. You feel strong! You must have been exercising. The dwarf mummy hits! The winter wolf bites! You die... Final status: Aloha Nobbs the Tourist, killed by a winter wolf... You died in The Gnomish Mines on dungeon level 6 with 37056 points, and 872 pieces of gold, after 5753 moves. You were level 6 with a maximum of 51 hit points when you died.